 Dungeon Crawl Stone Soup version 0.32-a0-842-gbbb8fdb (webtiles) character file.

Game seed: 9417655450784081171

42 PublicAnimeNo1 the Charlatan (level 3, -2/26 HPs)
             Began as a Coglin Artificer on Mar 26, 2024.
             Succumbed to an adder's poison
             ... on level 2 of the Dungeon.
             The game lasted 00:04:07 (1411 turns).

PublicAnimeNo1 the Charlatan (Coglin Artificer)     Turns: 1411, Time: 00:04:07

Health: -2/26      AC:  5    Str: 12    XL:     3   Next: 54%
Magic:  3/3        EV: 10    Int: 10    God:
Gold:   107        SH:  0    Dex: 16    Spells: 2/2 levels left

rFire   . . .        j - +0 short sword {Kenzo}
rCold   . . .        f - +0 dagger {Fumito}
rNeg    . . .        b - +0 leather armour
rPois   .            i - +0 helmet
rElec   .            p - +0 cloak
rCorr   .            (no gloves)
SInv    .            (no boots)
Will    +....        (amulet unavailable)
Stlth   ++           (ring unavailable)
HPRegen 0.24/turn    (ring unavailable)
MPRegen 0.08/turn    (no gizmo)

%: no passive effects
@: lethally poisoned (-2 -> -12), enlightened, flying, hasted, revved, very
quick
A: off-hand wielding, slow wielding, warmup strikes, no jewellery
a: Invent Gizmo


You were on level 2 of the Dungeon.
You visited 1 branch of the dungeon, and saw 2 of its levels.

You collected 107 gold pieces.

Inventory:

Hand Weapons
 a - a +0 club {Theobald}
 f - a +0 dagger (offhand) {Fumito}
 j - a +0 short sword (weapon) {Kenzo}
 m - the +9 great sword "Wat Nic" {pain, Str+3}
   (You found it on level 2 of the Dungeon)

   Str+3:     It affects your strength (+3).
Armour
 b - a +0 leather armour (worn)
 i - a +0 helmet (worn)
 p - a +0 cloak (worn)
Wands
 c - a wand of flame (15) (quivered)
 d - a wand of charming (14)
 e - a wand of iceblast (5)
Scrolls
 g - a scroll of revelation {unknown}
 h - a scroll of amnesia {unknown}
 n - 2 scrolls of identify {unknown}
 o - a scroll of brand weapon {unknown}


   Skills:
 + Level 1.6 Fighting
 * Level 1.0 Long Blades
 - Level 1.9 Armour
 + Level 1.5 Dodging
 + Level 1.3 Stealth
 + Level 4.3 Evocations


You had 2 spell levels left.
You didn't know any spells.
Your spell library was empty.

Dungeon Overview and Level Annotations

Branches:
Dungeon (2/15)

Altars:

Shops:
D:2 !


Innate Abilities, Weirdness & Mutations

You can wield a second weapon in your off-hand.
It takes a long time for you to wield or remove held weapons.
Your first few attacks do less damage.
You cannot equip rings or amulets.


Message History

The adder is lightly wounded.
You hit the adder with your +0 dagger.
You feel sick. The adder bites you.
You are more poisoned.
The adder poisons you!
You completely miss the adder with your +0 dagger.
The adder is moderately wounded.
You barely miss the adder with your +0 short sword.
You feel sick. The adder bites you.
You are more poisoned.
The adder poisons you!
You closely miss the adder with your +0 dagger.
The adder is moderately wounded.
You hit the adder but do no damage.
You feel very sick. The adder closely misses you. The adder barely misses you.
You miss the adder with your +0 short sword.
The adder is lightly wounded.
You closely miss the adder with your +0 dagger.
You feel sick. The adder barely misses you.
You completely miss the adder with your +0 dagger.
The adder is lightly wounded.
You hit the adder but do no damage.
You feel sick. The adder bites you.
You are lethally poisoned!
The adder poisons you!
You hit the adder with your +0 short sword.
The adder is moderately wounded.
You closely miss the adder with your +0 dagger.
* * * LOW HITPOINT WARNING * * *
You feel sick. The adder closely misses you. The adder bites you.
* * * LOW HITPOINT WARNING * * *
You are more poisoned.
The adder poisons you!
It was a potion of enlightenment.
You feel very buoyant.
You fly up into the air.
* * * LOW HITPOINT WARNING * * *
You feel very sick. The adder bites you but does no damage.
It was a potion of haste.
You feel yourself speed up.
You die...

#####........##...#
..........##.##...####
#####.###.##.........#
#.# #....†.......# #.#
####.........# #.#
#.##...#### #.#
#.##(..# ###.##
#.##...#
###....#####.###@##
.............# #S#
######.####### <.. P
#.# .#... #.# #.#....
#.# # #..$.. #.#
#.$.... #.#
#.################ #
#.#######.#
#......Pb.P.##


You could see an adder.

Vanquished Creatures
  An adder (D:2)
  A ribbon worm (D:2)
  An endoplasm (D:2)
  2 giant cockroaches (D:2)
  2 hobgoblins
  3 quokkas (D:2)
  2 ball pythons (D:2)
  4 bats (D:1)
  10 frilled lizards
  2 kobolds (D:2)
  8 rats
36 creatures vanquished.

Vanquished Creatures (collateral kills)
  A ball python (D:2)
1 creature vanquished.

Grand Total: 37 creatures vanquished

Notes
Turn   | Place    | Note
-------+----------+-------------------------------------------
     0 | D:1      | PublicAnimeNo1 the Coglin Artificer began the quest for the
                  | Orb.
     0 | D:1      | Reached XP level 1. HP: 15/15 MP: 1/1
    90 | D:1      | Reached skill level 1 in Dodging
   321 | D:1      | Reached skill level 1 in Stealth
   643 | D:1      | Reached XP level 2. HP: 21/21 MP: 2/2
   747 | D:2      | Identified the +9 great sword "Wat Nic" {pain, Str+3}
   793 | D:2      | Found Sipuonue's Distillery.
  1004 | D:2      | Reached XP level 3. HP: 22/26 MP: 3/3
  1402 | D:2      | Reached skill level 1 in Long Blades
  1410 | D:2      | HP: 1/26 [poisoned by an adder]
  1411 | D:2      | Succumbed to an adder's poison

Illustrated notes

Levels and vault maps discovered:
D:1:      wander_arrival_chamber, layout_basic, dk_noncrumbling_4,
          minmay_misc_feat_encased, minmay_lizard_king
D:2:      layout_loops_ring, serial_aquarium, aquarium_bridge_island_small
          [aquarium_subvault_small_water, aquarium_subvault_bridge,
          aquarium_subvault_wall, aquarium_subvault_bridge,
          aquarium_subvault_wall], aquarium_bridge_straight
          [aquarium_subvault_bridge, aquarium_subvault_window,
          aquarium_subvault_bridge, aquarium_subvault_window],
          aquarium_window_1, aquarium_window_3, aquarium_view_2c,
          aquarium_balcony_5b, aquarium_pool_four, serial_shops,
          nicolae_shop_just_a_little_nook

Skill      XL: |  1  2  3 |
---------------+----------+-----
Dodging        | 1 |  1.5
Stealth        | 1 |  1.3
Long Blades    | 1 |  1.0
Fighting       | |  1.6
Armour         | |  1.9
Evocations     | |  4.3

Action                     || total
---------------------------++-------
  Melee: Dagger            ||    86
         Short sword       ||    75
         Club              ||    10
  Evoke: Wand              ||     1
    Use: Potion            ||     2
   Stab: Sleeping          ||     4
         Betrayed ally     ||     1
 Armour: Leather armour    ||    48
  Dodge: Dodged            ||    56

Table legend: (Time is in decaauts)
 A = Elapsed time spent in this place.
 B = Non-inter-level travel time spent in this place.
 C = Inter-level travel time spent in this place.
 D = Time resting spent in this place.
 E = Time spent auto-exploring this place.
 F = Levels seen in this place.
 G = Mean time per level.
                   A        B        C        D        E       F      G
               +--------+--------+--------+--------+--------+-----+--------+
         Total |   1412 |   1376 |     36 |     62 |    968 |   2 |  706.0 |
       Dungeon |   1412 |   1376 |     36 |     62 |    968 |   2 |  706.0 |
               +--------+--------+--------+--------+--------+-----+--------+

Top non-repeatable levels by time:
     D:1: 747 daAuts
     D:2: 664 daAuts
